 Dungeon Crawl Stone Soup version 0.21-a0-401-g0b6bec4 (webtiles) character file.

66 Musica the Sneak (level 4, -3/29 HPs)
             Began as an Octopode Assassin on Oct 24, 2017.
             Slain by Sigmund
             ... wielding a +0 scythe
              (6 damage)
             ... on level 2 of the Dungeon on Oct 25, 2017.
             The game lasted 00:06:10 (1312 turns).

Musica the Sneak (Octopode Assassin)                Turns: 1312, Time: 00:06:11

Health: -3/29      AC:  1    Str: 10    XL:     4   Next: 15%
Magic:  4/4        EV: 13    Int: 13    God:
Gold:   56         SH:  0    Dex: 14    Spells: 3/3 levels left

rFire    . . .     SeeInvis .   a - +2 dagger
rCold    . . .     Gourm    .   (no shield)
rNeg     . . .     Faith    .   (helmet restricted)
rPois    .         Spirit   .   (no amulet)
rElec    .         Reflect  .   (no ring)
rCorr    .         Harm     .   (no ring)
MR       .....                  (no ring)
Stlth    ++++......             (no ring)
HPRegen  0.09/turn              (no ring)
MPRegen  0.09/turn              (no ring)
                                (no ring)
                                (no ring)

@: no status effects
A: almost no armour, stealthy swim, amphibious, 8 rings, constrict 8, camouflage
1, gelatinous body 1
a: no special abilities


You were on level 2 of the Dungeon.
You were not hungry.

You visited 1 branch of the dungeon, and saw 2 of its levels.

You collected 56 gold pieces.

Inventory:

Hand Weapons
 a - a +2 dagger (weapon)
 b - a +0 blowgun
Missiles
 c - 6 poisoned needles
 j - 6 javelins (quivered)
Scrolls
 e - a scroll of identify {unknown}
 h - 2 scrolls of remove curse
Potions
 g - a potion of curing {unknown}
Comestibles
 f - a bread ration
 i - 3 fruits
 k - 4 chunks of flesh
 l - a royal jelly


   Skills:
 + Level 2.3 Fighting
 + Level 2.3 Short Blades
 + Level 2.2 Throwing
 - Level 1.0 Dodging
 + Level 7.0 Stealth


You had 3 spell levels left.
You didn't know any spells.

Dungeon Overview and Level Annotations

Branches:
Dungeon (2/15)

Altars:

Annotations:
D:2 Sigmund


Innate Abilities, Weirdness & Mutations

You cannot wear most types of armour.
You are very stealthy in the water. (Stealth+)
You are amphibious.
You can wear up to eight rings at the same time.
You can use your tentacles to constrict eight enemies at once.
Your skin changes colour to match your surroundings (Stealth+).
Your rubbery body absorbs attacks. (AC +1, EV +1)


Message History

A puff of flame appears from out of thin air!
The puff of flame hits you!
A magic dart appears from out of thin air!
The magic dart hits you!
* * * LOW HITPOINT WARNING * * *
A quokka comes into view.
A frilled lizard comes into view.
The frilled lizard moves out of view.
There is a large open door here.
There is a large open door here.
There's a thick-headed creature in the doorway!
You hear some strange, mumbled words.
A magic dart appears from out of thin air!
The magic dart hits you!
* * * LOW HITPOINT WARNING * * *
There is a large open door here.
Something barely misses you.
There is a large open door here.
Something hits you.
You die...

#....##.##. #....+ #####.
##...# . #....# ..... ..
#....# ######. #. #....#
$⌠ # ###.#+#....##..##.
o. ...........##....
................# .
........@........# ..
#....#+##'#r..#..#+## ...
#... #.##{#.........#....
#....#...................
#....###........(....#
###............†#.##....#
#..........#.##.#........
#.........##.##.##.......
'.........##.#...#.......


You could see a quokka.

Vanquished Creatures
  3 gnolls (D:2)
  An ooze (D:1)
  2 worms (D:2)
  2 dart slugs (D:1)
  4 goblins
  2 hobgoblins (D:1)
  A quokka (D:2)
  A ball python (D:1)
  3 bats
  2 frilled lizards (D:1)
  2 kobolds
  3 rats (D:1)
26 creatures vanquished.

Notes
Turn   | Place    | Note
-------+----------+-------------------------------------------
     0 | D:1      | Musica the Octopode Assassin began the quest for the Orb.
     0 | D:1      | Reached XP level 1. HP: 14/14 MP: 1/1
   136 | D:1      | Reached XP level 2. HP: 14/19 MP: 2/2
   208 | D:1      | Reached skill level 6 in Stealth
   725 | D:1      | Reached XP level 3. HP: 23/24 MP: 3/3
  1213 | D:2      | Reached XP level 4. HP: 29/29 MP: 4/4
  1247 | D:2      | Reached skill level 7 in Stealth
  1266 | D:2      | Noticed Sigmund
  1312 | D:2      | Slain by Sigmund

Vault maps used:
D:1:      noname_arrival_rooms_in_the_neighbourhood, hex_medium
D:2:      cheibrodos_pilgrimage, chequers_ecumenical_altar_simple_redux,
          uniq_sigmund

Skill      XL: |  1  2  3  4 |
---------------+-------------+-----
Stealth        | 6 7 |  7.0
Fighting       | |  2.3
Short Blades   | |  2.3
Throwing       | |  2.2
Dodging        | |  1.0

Action                   |  1- 3 |  4- 6 || total
-------------------------+-------+-------++-------
Melee: Dagger            |    36 |     6 ||    42
       Constrict         |     5 |     1 ||     6
       Tentacles         |     3 |     1 ||     4
 Fire: Blowgun           |    16 |     2 ||    18
  Use: Scroll            |     2 |       ||     2
 Stab: Sleeping          |    12 |     2 ||    14
  Eat: Chunk             |     1 |       ||     1
Armor: Skin              |     1 |       ||     1
Dodge: Dodged            |    15 |     4 ||    19

Table legend:
 A = Spawn XP
 B = Non-spawn XP
 C = Spawn XP percentage of total XP
 D = Spawn monster count
 E = Non-spawn monster count
 F = Spawn count percentage of total count
 G = Total turns spent on level
                    A         B        C        D         E        F      G
               +---------+---------+-------+---------+---------+-------+---------
         Total |       0 |      95 |   0.0 |       0 |      26 |   0.0 |  1312
               +---------+---------+-------+---------+---------+-------+---------
           D:1 |       0 |      34 |   0.0 |       0 |      17 |   0.0 |   969
           D:2 |       0 |      61 |   0.0 |       0 |       9 |   0.0 |   343
               +---------+---------+-------+---------+---------+-------+---------
